 Dungeon Crawl Stone Soup version 0.27-a0-506-g2188dfaaa0 (webtiles) character file.

Game seed: 3656397551792609006

1002 Gaff the Covert (level 8, -2/48 HPs)
             Began as a Kobold Brigand on Mar 3, 2021.
             Killed from afar by an electric eel (6 damage)
             ... with a bolt of electricity
             ... on level 6 of the Dungeon.
             The game lasted 00:13:29 (6473 turns).

Gaff the Covert (Kobold Brigand)                    Turns: 6473, Time: 00:13:30

Health: -2/48      AC:  4    Str:  9    XL:     8   Next: 43%
Magic:  8/8        EV: 18    Int: 12    God:
Gold:   178        SH:  0    Dex: 18    Spells: 7/7 levels left

rFire    . . .     SeeInvis .   r - +0 dagger (elec)
rCold    . . .     Faith    .   (shield restricted)
rNeg     . . .     Spirit   .   v - +0 leather armour
rPois    .         Reflect  .   (no helmet)
rElec    .         Harm     .   c - +0 cloak
rCorr    .         Rampage  .   (no gloves)
Will     .....                  (no boots)
Stlth    +++++.....             (no amulet)
HPRegen  0.16/turn              (no ring)
MPRegen  0.11/turn              (no ring)

@: no status effects
A: small, nightstalker 3
a: no special abilities


You were on level 6 of the Dungeon.
You visited 2 branches of the dungeon, and saw 7 of its levels.

You collected 262 gold pieces.
You spent 84 gold pieces at shops.

Inventory:

Hand Weapons
 a - a +2 dagger
 q - a +0 rapier
 r - a +0 dagger of electrocution (weapon)
Missiles
 d - 13 poisoned darts (quivered)
 e - 2 curare-tipped darts
 x - 2 throwing nets
Armour
 b - a +0 robe
 c - a +0 cloak (worn)
 v - a +0 leather armour (worn)
Wands
 o - a wand of flame (16)
 t - a wand of paralysis (6)
 w - a wand of charming (4)
Scrolls
 g - a scroll of noise
 h - 3 scrolls of magic mapping
 i - 2 scrolls of amnesia
 j - a scroll of fog
 l - 2 scrolls of teleportation
 s - 2 scrolls of enchant weapon {unknown}
 u - a scroll of fear {unknown}
Potions
 f - 3 potions of heal wounds
 k - a potion of cancellation {unknown}
 m - 2 potions of haste
 n - a potion of curing {unknown}
 p - a potion of degeneration


   Skills:
 + Level 4.1 Fighting
 + Level 7.3 Short Blades
 - Level 2.3 Throwing
 * Level 6.4 Dodging
 - Level 8.0 Stealth


You had 7 spell levels left.
You didn't know any spells.
Your spell library was empty.

Dungeon Overview and Level Annotations

Branches:
Dungeon (6/15)             Temple (1/1) D:5

Altars:
Ashenzari
Cheibriados
Elyvilon
Gozag
Hepliaklqana
Kikubaaqudgha
Nemelex Xobeh
Okawaru
Qazlal
Sif Muna
Trog
Wu Jian
Xom
Zin
The Shining One
Jiyva

Shops:
D:4 !

Annotations:
D:3 Purgy


Innate Abilities, Weirdness & Mutations

You are small and have problems with some larger weapons.
You are completely attuned to the shadows.


Message History

You see here an orc corpse.
You see here 9 gold pieces.
You hit the giant cockroach but do no damage.
The giant cockroach misses you.
You hit the giant cockroach but do no damage.
The giant cockroach closely misses you.
You hit the giant cockroach but do no damage.
You hit the giant cockroach.
The giant cockroach is heavily wounded.
The giant cockroach misses you.
You hit the giant cockroach but do no damage.
Lightning courses through the giant cockroach!
You kill the giant cockroach!
You now have 178 gold pieces (gained 9).
Found a stone staircase leading down.
You open the large door.
An electric eel comes into view.
There is a large open door here.
A jelly, an ogre and an electric eel come into view.
Found a thin glowing staff and a spear.
The helpless electric eel fails to defend itself.
You perforate the electric eel like a sieve!!!
You kill the electric eel!
The helpless jelly fails to defend itself.
You perforate the jelly like a sieve!!!
You kill the jelly!
The ogre shouts!
The electric eel shoots out a bolt of lightning at you!
The bolt of electricity hits you!
An electric eel comes into view.
The electric eel shoots out a bolt of lightning at you!
The bolt of electricity hits you!
The electric eel shoots out a bolt of lightning at you!
The bolt of electricity hits you!
The electric eel shoots out a bolt of lightning at you!
The bolt of electricity hits you!
* * * LOW HITPOINT WARNING * * *
The electric eel shoots out a bolt of lightning at you!
The bolt of electricity hits you.
You die...

≈≈.≈≈.≈≈≈≈
#.#.....
≈≈.≈≈.≈≈≈≈
#.....
≈≈≈..≈≈≈≈≈
##.##.
≈≈≈..≈≈≈≈≈
≈≈≈..≈;≈≈≈
≈≈≈..≈≈≈≈≈
≈≈;.O≈≈≈≈
≈≈≈..≈≈≈≈
######
≈≈≈.@≈≈≈≈
....#
≈≈≈..≈≈≈#
#..#####''####
+.........#
#..#+######
#......
#.#.... ##..##
#.#.... #.....
#.#.... .....#


You could see an ogre and 2 electric eels.

Vanquished Creatures
  A troll (D:5)
  Edmund (D:5)
  An ogre (D:4)
  2 scorpions
  An electric eel (D:6)
  2 howler monkeys (D:4)
  2 jellies
  An orc priest (D:6)
  7 gnolls
  A howler monkey skeleton (D:4)
  6 adders
  2 shadow imps (D:5)
  A white imp (D:5)
  4 oozes
  A worm (D:3)
  4 dart slugs
  4 leopard geckos
  9 orcs
  9 bats
  7 giant cockroaches
  8 goblins
  11 hobgoblins
  8 jackals
  7 kobolds
  4 quokkas
  A ball python (D:1)
  5 frilled lizards
  4 rats
114 creatures vanquished.

Vanquished Creatures (others)
  5 plants
5 creatures vanquished.

Grand Total: 119 creatures vanquished

Notes
Turn   | Place    | Note
-------+----------+-------------------------------------------
     0 | D:1      | Gaff the Kobold Brigand began the quest for the Orb.
     0 | D:1      | Reached XP level 1. HP: 12/12 MP: 1/1
    53 | D:1      | Reached XP level 2. HP: 12/17 MP: 2/2
   189 | D:1      | Reached skill level 6 in Stealth
   412 | D:1      | Reached XP level 3. HP: 21/21 MP: 3/3
  1377 | D:2      | Reached skill level 7 in Stealth
  1377 | D:2      | Reached XP level 4. HP: 26/26 MP: 4/4
  1483 | D:2      | Reached XP level 5. HP: 31/31 MP: 5/5
  1991 | D:2      | Found a white marble altar of Elyvilon.
  2041 | D:2      | Reached skill level 8 in Stealth
  2216 | D:2      | Found an ancient bone altar of Kikubaaqudgha.
  2433 | D:2      | Found a stormy altar of Qazlal.
  2449 | D:2      | Reached XP level 6. HP: 35/36 MP: 6/6
  2885 | D:3      | Noticed Purgy
  3189 | D:4      | Found a shimmering altar of Xom.
  3401 | D:4      | Found Dibihic's Distillery.
  3430 | D:4      | Bought a potion of heal wounds for 70 gold pieces
  3430 | D:4      | Bought a potion of degeneration for 14 gold pieces
  3891 | D:4      | Noticed an ogre
  3894 | D:4      | Killed an ogre
  3895 | D:4      | Reached skill level 5 in Short Blades
  3895 | D:4      | Reached XP level 7. HP: 41/41 MP: 7/7
  4166 | D:5      | Entered Level 5 of the Dungeon
  4391 | D:5      | Noticed Edmund
  4584 | D:5      | Killed Edmund
  4690 | D:5      | Reached skill level 5 in Dodging
  4891 | D:5      | Found a staircase to the Ecumenical Temple.
  4896 | Temple   | Entered the Ecumenical Temple
  5301 | D:5      | Found a shimmering blue altar of Sif Muna.
  5522 | D:5      | Noticed a troll
  5526 | D:5      | Killed a troll
  5527 | D:5      | Reached XP level 8. HP: 48/48 MP: 8/8
  6053 | D:6      | Found a hazy altar of Hepliaklqana.
  6473 | D:6      | Killed from afar by an electric eel

Illustrated notes

Levels and vault maps discovered:
D:1:      lemuel_arrival_hallway, layout_loops_ring, serial_forest,
          infiniplex_forest_clump_double, infiniplex_forest_corner_1,
          infiniplex_forest_join, infiniplex_forest_clump_small,
          infiniplex_forest_clump_diagonal, infiniplex_forest_zigzag_1
D:2:      layout_basic, general_overflow_altar, nicolae_qazlal_eye_of_the_storm,
          nicolae_overflow_hidden_temple
D:3:      layout_loops_corners, hangedman_ru_absence, serial_forest,
          infiniplex_forest_clump_double, infiniplex_forest_end_1,
          infiniplex_forest_clump_medium, infiniplex_forest_straight_4,
          infiniplex_forest_clump_curved, infiniplex_forest_split, uniq_purgy
D:4:      layout_basic, kennysheep_little_box, serial_shops,
          nicolae_shop_window_shopping
D:5:      layout_layer_cave, led_sif_pool, temple_doors_cd,
          roderic_filled_cross, uniq_edmund
D:6:      kennysheep_big_flooded_room, layout_basic, old_standard_altar,
          serial_glass, glass_columns_b, glass_columns_b
Temple:   pf_slimified_temple

Skill      XL: |  1  2  3  4  5  6  7  8 |
---------------+-------------------------+-----
Stealth        | 6 7 8 |  8.0
Short Blades   | 3 5 7 |  7.3
Dodging        | 2 3 4 5 6 |  6.4
Fighting       | 3 4 |  4.1
Throwing       | |  2.3

Action                   |  1- 3 |  4- 6 |  7- 9 || total
-------------------------+-------+-------+-------++-------
Melee: Dagger            |    55 |   188 |   140 ||   383
Throw: Dart              |       |     8 |     4 ||    12
  Use: Scroll            |       |     5 |     2 ||     7
       Potion            |       |       |     1 ||     1
 Stab: Sleeping          |    22 |    26 |    10 ||    58
       Distracted        |       |     1 |       ||     1
Armor: Robe              |     6 |    27 |     7 ||    40
Dodge: Dodged            |    19 |   134 |   109 ||   262

Table legend: (Time is in decaauts)
 A = Elapsed time spent in this place.
 B = Non-inter-level travel time spent in this place.
 C = Inter-level travel time spent in this place.
 D = Time resting spent in this place.
 E = Time spent auto-exploring this place.
 F = Levels seen in this place.
 G = Mean time per level.
                   A        B        C        D        E       F      G
               +--------+--------+--------+--------+--------+-----+--------+
         Total |   6392 |   6242 |    150 |   1173 |   3908 |   7 |  913.1 |
       Dungeon |   6211 |   6061 |    150 |   1173 |   3756 |   6 | 1035.2 |
        Temple |    181 |    181 |      0 |      0 |    152 |   1 |  181.0 |
               +--------+--------+--------+--------+--------+-----+--------+

Top non-repeatable levels by time:
     D:5: 1634 daAuts
     D:1: 1365 daAuts
     D:4: 1195 daAuts
     D:2: 1128 daAuts
     D:6: 451 daAuts
     D:3: 436 daAuts
  Temple: 181 daAuts
